AoeStats
← BenJames

Arabia

506776758Analyzed
2v2 RM · 16d ago on Sep 15, 2026· 43m 30s· 4 players
Game mode
Random Map
Map size
Medium (4 player)
Population
200
Speed
Normal
Resources
Standard
Victory
Conquest
Starting age
Dark Age
Ending age
Imperial Age
RankedLock teamsTeams togetherTeam positionsShared explorationLock speedFull tech treeHidden civsTurbo modeCheats
Victory
Defeat
🇨🇴 Mongols · Colombia
1055
+13
🇨🇴 Vietnamese · Colombia
1049
+14
🇨🇴 Franks · Colombia
1018
-14
🇨🇴 Mongols · Colombia
980
-13
Panresistantpseudomonas
8:06 Loom
11:07 Feudal Age
13:38 Double-Bit Axe
17:57 Fletching
21:57 Castle Age
22:19 Scale Barding Armor
22:51 Bow Saw
23:32 Chain Barding Armor
22:38 Elite Skirmisher
23:18 Gold Mining
24:09 Wheelbarrow
24:49 Husbandry
26:28 Forging
34:54 Hand Cart
35:27 Iron Casting
37:02 Stone Mining
38:41 Gold Shaft Mining
42:05 Scale Mail Armor
jarodriguezcr
2:46 Loom
9:34 Feudal Age
17:30 Fletching
18:20 Horse Collar
18:49 Double-Bit Axe
23:53 Castle Age
23:53 Forging
26:27 Pikeman
33:23 Scale Mail Armor
33:59 Iron Casting
35:50 Arson
36:15 Elite Skirmisher
40:25 Bodkin Arrow
41:55 Ballistics
BenJames
6:03 Loom
8:11 Feudal Age
9:18 Man-at-Arms
14:07 Forging
14:00 Scale Mail Armor
17:22 Horse Collar
19:53 Castle Age
18:51 Gold Mining
19:13 Scale Barding Armor
20:28 Bloodlines
20:44 Double-Bit Axe
25:47 Husbandry
25:54 Heavy Plow
26:55 Fletching
28:22 Wheelbarrow
28:53 Iron Casting
30:02 Crossbowman
35:03 Thumb Ring
34:58 Bodkin Arrow
36:20 Gold Shaft Mining
37:45 Ballistics
37:36 Padded Archer Armor
37:57 Chain Barding Armor
41:51 Imperial Age
39:37 Hand Cart
41:11 Leather Archer Armor
42:37 Bracer
43:06 Parthian Tactics
44:03 Chemistry
ElLorenzuwu
8:46 Loom
11:39 Feudal Age
12:05 Double-Bit Axe
12:01 Horse Collar
22:21 Castle Age
20:18 Fletching
21:20 Padded Archer Armor
22:11 Stone Mining
22:13 Gold Mining
22:54 Elite Skirmisher
24:43 Wheelbarrow
25:15 Leather Archer Armor
25:08 Bodkin Arrow
27:01 Pikeman
30:28 Forging
30:18 Scale Mail Armor
38:36 Imperial Age
36:56 Bow Saw
37:30 Leather Archer Armor
38:33 Chain Mail Armor
39:32 Squires
41:30 Iron Casting
41:22 Devotion
42:34 Chemistry
Connection lost

Rejoining the realm…

Still unreachable

The connection could not be restored.

Session expired

The server has moved on; the page needs a fresh start.